 Dungeon Crawl Stone Soup version 0.19-a0-867-g949743d (webtiles) character file.

8986 st0uf the Protected (level 11, -3/97 HPs)
             Began as a Minotaur Fighter on July 3, 2016.
             Was an Initiate of Uskayaw.
             Slain by a large abomination (16 damage)
             ... on level 3 of the Abyss.
             The game lasted 00:45:03 (11521 turns).

st0uf the Protected (Minotaur Fighter)             Turns: 11521, Time: 00:45:03

Health: -3/97      AC: 17    Str: 22    XL:     11   Next: 17%
Magic:  7/15       EV:  8    Int:  5    God:    Uskayaw [......]
Gold:   300        SH: 12    Dex: 12    Spells: 0 memorised, 10 levels left

rFire  . . .     SeeInvis .     a - +0 war axe
rCold  . . .     Gourm    .     H - +0 plate armour
rNeg   . . .     Faith    .     c - +0 shield
rPois  .         Spirit   .     (helmet restricted)
rElec  .         Dismiss  .     t - +0 cloak
rCorr  .         Reflect  .     (no gloves)
SustAt .         Harm     .     X - +0 pair of boots
MR     .....                    R - amulet of magic regeneration
Stlth  ..........               (no ring)
                                (no ring)

@: not resistant to hostile enchantments, extremely unstealthy
A: retaliatory headbutt, horns 2
a: Renounce Religion


You were on level 3 of the Abyss.
You worshipped Uskayaw.
Uskayaw was noncommittal.
You were very hungry.

You visited 2 branches of the dungeon, and saw 11 of its levels.
You visited the Abyss 1 time.
You also visited: Sewer.

You collected 608 gold pieces.
You spent 308 gold pieces at shops.

Inventory:

Hand Weapons
 a - a +0 war axe (weapon)
 y - a +0 hunting sling of freezing
 S - a +1 hand axe of flaming
Missiles
 o - a throwing net (quivered)
 z - 68 sling bullets
 A - 263 stones
Armour
 c - a +0 shield (worn)
 t - a +0 cloak (worn)
 F - a +0 large shield
 H - a +0 plate armour (worn)
 X - a +0 pair of boots (worn)
Jewellery
 n - an uncursed ring of magical power
 C - an uncursed ring of wizardry
 J - an uncursed ring of ice
 K - an uncursed ring of protection from magic {unknown}
 R - an amulet of magic regeneration (around neck)
Wands
 r - a wand of iceblast (7/15)
 I - a wand of enslavement (11/24)
 M - a wand of iceblast (6/15)
 Q - a wand of confusion (32/48)
 T - a wand of teleportation (4/9)
 V - a wand of disintegration (12/24)
 W - a wand of flame (27/48)
 Z - a wand of lightning (4/15)
Scrolls
 h - 7 scrolls of identify
 j - a scroll of amnesia {unknown}
 s - 3 scrolls of noise {unknown}
 v - a scroll of remove curse
 w - a scroll of magic mapping
 x - 4 scrolls of fog {unknown}
 D - 2 scrolls of enchant armour {unknown}
 E - 3 scrolls of teleportation {unknown}
 N - a scroll of blinking {unknown}
 O - a scroll of brand weapon
 P - a scroll of vulnerability {unknown}
 Y - a scroll of immolation {unknown}
Potions
 b - a potion of lignification {unknown}
 d - 2 potions of might
 e - a potion of flight
 k - 2 potions of agility
 m - a potion of cure mutation
 q - 4 potions of curing
 u - a potion of ambrosia
 B - 3 potions of brilliance
 G - 2 potions of haste
Comestibles
 f - 14 bread rations
 g - 4 royal jellies
 i - 10 fruits
 l - 3 meat rations
 L - 8 slices of pizza
 U - 2 beef jerkies


   Skills:
 + Level 9.2 Fighting
 + Level 9.4 Axes
 + Level 10.0 Armour
 + Level 5.7 Dodging
 + Level 9.8 Shields
 * Level 7.1 Invocations


You had 10 spell levels left.
You didn't know any spells.

Dungeon Overview and Level Annotations

Branches:
Dungeon (10/15)            Temple (1/1) D:4            Lair (0/6) D:10
    Orc: D:9-12

Altars:
Ashenzari
Cheibriados
Dithmenos
Elyvilon
Fedhas
Gozag
Hepliaklqana
Kikubaaqudgha
Makhleb
Nemelex Xobeh
Okawaru
Pakellas
Qazlal
Ru
Sif Muna
Trog
Uskayaw
Vehumet
Xom
Yredelemnul
Zin
The Shining One

Shops:
D:6 ?:   D:7 }

Annotations:
D:10 Sonja


Innate Abilities, Weirdness & Mutations

You reflexively headbutt those who attack you in melee.
You have a pair of horns on your head.


Message History

The demonic crawler hits you.
* * * LOW HITPOINT WARNING * * *
You can now stomp with the beat.
You hit the large abomination but do no damage.
The large abomination is heavily damaged.
You hit the demonic crawler but do no damage.
The demonic crawler hits you but does no damage. x2
You block the demonic crawler's attack.
You block the large abomination's attack.
Unknown command.
You stomp with the beat, sending a shockwave through the revelers around you!
The demonic crawler is severely wounded.
The large abomination is severely damaged.
You feel somewhat more hungry.
You can no longer stomp with the beat.
The demonic crawler hits you but does no damage.
The demonic crawler closely misses you. The demonic crawler barely misses you.
The demonic crawler hits you but does no damage. x2
You block the demonic crawler's attack. The large abomination hits you!
You die...

#
#..#.#####
#....X@s.#
##.#..##.##
.. #.. #..#
#. #.. #.#
#.. . #..
#.#.# # ..
. #.. #..#
##... # #..
# .###..
#### . #..
#..#
#...#.##.
##.# #.
...#


You could see a demonic crawler and a large abomination.

Vanquished Creatures
  Pikel (D:5)
  2 hill giants (D:10)
  A smoke demon (Abyss:2)
  A kobold demonologist (D:9)
  A troll (D:9)
  Prince Ribbit (D:7)
  A wraith (D:10)
  A hog (D:7)
  4 yaks (D:10)
  A human (D:7)
  2 hippogriffs (D:7)
  A small abomination (Abyss:2)
  3 water moccasins
  5 orc warriors
  4 ice beasts
  3 black bears
  2 phantoms
  A wasp (D:7)
  2 ogres (D:9)
  6 giant frogs
  A gnoll sergeant (D:9)
  A water moccasin zombie (D:8)
  6 scorpions
  15 killer bees
  2 howler monkeys
  5 crimson imps
  2 jellies
  A giant frog zombie (D:5)
  A quasit (Abyss:3)
  2 giant frog skeletons
  5 hounds
  3 orc priests
  A centaur skeleton (D:5)
  17 orc wizards
  4 iguanas
  Natasha (D:3)
  5 worker ants
  3 sheep (D:7)
  A hound skeleton (D:5)
  2 hound zombies
  A howler monkey zombie (D:9)
  A worker ant zombie (D:7)
  8 gnolls
  10 adders
  A river rat (D:6)
  2 shadow imps
  2 oozes
  3 adder skeletons
  A worm (D:2)
  3 dart slugs
  7 giant geckos
  56 orcs
  9 bats
  19 giant cockroaches
  13 goblins
  8 hobgoblins
  5 jackals
  9 kobolds
  3 quokkas (D:2)
  4 ball pythons
  A ball python zombie (D:5)
  16 giant newts
  A jackal skeleton (D:7)
  12 rats
316 creatures vanquished.

Vanquished Creatures (others)
  A fire dragon (D:4)
  A slave (D:5)
  An adder (D:5)
  A bush (D:4)
4 creatures vanquished.

Grand Total: 320 creatures vanquished

Notes
Turn   | Place    | Note
-------+----------+-------------------------------------------
     0 | D:1      | st0uf the Minotaur Fighter began the quest for the Orb.
     0 | D:1      | Reached XP level 1. HP: 19/19 MP: 0/0
   119 | D:1      | Reached XP level 2. HP: 26/27 MP: 1/1
   475 | D:1      | Reached skill level 4 in Armour
   531 | D:1      | Reached XP level 3. HP: 33/33 MP: 2/2
  1125 | D:2      | Found a radiant altar of Vehumet.
  1367 | D:2      | Reached XP level 4. HP: 35/41 MP: 3/3
  1776 | D:3      | Found a sacrificial altar of Ru.
  1820 | D:3      | Noticed Natasha
  1832 | D:3      | Killed Natasha
  1832 | D:3      | Reached skill level 1 in Dodging
  2134 | D:3      | Reached XP level 5. HP: 47/47 MP: 4/4
  3059 | D:4      | Found a shattered altar of Ashenzari.
  3059 | D:4      | Found a hide-covered altar of Uskayaw.
  3060 | D:4      | Found an ancient bone altar of Kikubaaqudgha.
  3065 | D:4      | Became a worshipper of Uskayaw the Reveler
  3105 | D:4      | Reached * piety under Uskayaw
  3159 | D:4      | Found an oddly glowing altar of Pakellas.
  3160 | D:4      | Noticed a fire dragon
  3181 | D:4      | Killed a fire dragon
  3534 | D:4      | Found a staircase to the Ecumenical Temple.
  3540 | Temple   | Entered the Ecumenical Temple
  3670 | D:5      | Entered Level 5 of the Dungeon
  3707 | D:5      | Reached skill level 5 in Fighting
  3737 | D:5      | Reached skill level 5 in Armour
  3737 | D:5      | Reached XP level 6. HP: 55/56 MP: 5/5
  3737 | D:5      | Reached ** piety under Uskayaw
  3742 | D:5      | Reached skill level 5 in Shields
  3772 | D:5      | Reached skill level 1 in Invocations
  3829 | D:5      | Reached XP level 7. HP: 21/61 MP: 7/7
  4122 | D:5      | Reached skill level 5 in Axes
  4500 | D:5      | Noticed Pikel
  4517 | D:5      | HP: 3/61 [Pikel/whip of freezing (2)]
  4518 | D:5      | Killed Pikel
  4518 | D:5      | Reached skill level 6 in Armour
  4518 | D:5      | Reached XP level 8. HP: 3/70 MP: 4/9
  4982 | D:5      | Reached skill level 7 in Armour
  5145 | D:6      | Found an iron altar of Okawaru.
  5333 | D:6      | Found a bloodstained altar of Trog.
  5532 | D:6      | Found a glowing drain.
  5536 | Sewer    | Entered a sewer
  5894 | Sewer    | Reached XP level 9. HP: 62/75 MP: 11/11
  5896 | Sewer    | Reached skill level 8 in Armour
  5896 | Sewer    | Reached *** piety under Uskayaw
  6306 | D:6      | Reached skill level 5 in Dodging
  6501 | D:6      | Found Vuqudenn's Magic Scroll Shoppe.
  6509 | D:6      | Bought a scroll of identify for 28 gold pieces
  6509 | D:6      | Bought a scroll of brand weapon for 280 gold pieces
  6509 | D:6      | Found Haeres's Book Emporium.
  7500 | D:7      | Reached skill level 5 in Invocations
  7692 | D:7      | Noticed Prince Ribbit
  7712 | D:7      | Reached **** piety under Uskayaw
  8020 | D:7      | Found Pinuimp's Gadget Shop.
  8037 | D:7      | Found an opulent altar of Gozag.
  8151 | D:7      | Reached skill level 9 in Armour
  8214 | D:7      | Killed Prince Ribbit
  8277 | D:7      | Reached XP level 10. HP: 70/86 MP: 13/13
  9202 | D:9      | Noticed a rust devil
  9949 | D:10     | Entered Level 10 of the Dungeon
 10041 | D:10     | Noticed a hill giant
 10053 | D:10     | Killed a hill giant
 10810 | D:10     | Reached XP level 11. HP: 92/95 MP: 15/15
 10891 | D:10     | Noticed a hill giant
 10909 | D:10     | Killed a hill giant
 11228 | D:10     | Found a staircase to the Lair.
 11451 | D:10     | Noticed Sonja
 11453 | D:10     | Cast into level 2 of the Abyss (Sonja)
 11453 | Abyss:2  | Found a corrupted altar of Lugonu.
 11454 | Abyss:2  | Noticed a deep elf mage
 11454 | Abyss:2  | Noticed a deep elf mage
 11466 | Abyss:2  | Noticed a deep elf mage
 11472 | Abyss:2  | Reached skill level 10 in Armour
 11485 | Abyss:2  | Noticed a deep elf mage
 11521 | Abyss:3  | Slain by a large abomination

Vault maps used:
D:1:      minmay_arrival_wavy_path, roderic_serpentine_path
D:2:      fiery_altar_vehumet, minmay_hedge_maze
D:3:      kb_forest_paths, hangedman_ru_absence, uniq_natasha
D:4:      gammafunk_temple_overflow_forgotten,
          gammafunk_pakellas_spire_experiment
D:5:      first_bread, st_stairs_14, uniq_pikel
D:6:      minmay_shoptagon, lemuel_doored_altar, okawaru_metal_pillars_1_2,
          gup_sewer_entry_spiral, minivault_23
D:7:      nicolae_gozag_seed_capital, serial_shops, nicolae_shop_stone,
          grunt_livestock, uniq_prince_ribbit1
D:8:      black_bear_nest_2, eino_tiny_chamber
D:10:     lair_0_dummy, roderic_roman_lattice, minmay_the_grid_3x2, uniq_sonja
Temple:   eino_temple_lava
Abyss:2:  evilmike_abyss_exit_smiterflies
Abyss:3:  due_exit_kobolds, nicolae_abyss_rune_star_stuff
Sewer:    sewer_frog_island_01

Skill      XL: |  1  2  3  4  5  6  7  8  9 10 11 |
---------------+----------------------------------+-----
Fighting       | 4 5 6 7 8 9 |  9.2
Shields        | 4 5 6 7 9 |  9.8
Armour         | 4 5 6 7 9 10 | 10.0
Axes           | 3 4 5 7 9 |  9.4
Dodging        | 1 2 3 4 5 |  5.7
Invocations    | 1 3 4 5 6 7 |  7.1

Action                   |  1- 3 |  4- 6 |  7- 9 | 10-12 || total
-------------------------+-------+-------+-------+-------++-------
Melee: War axe           |    92 |   139 |   367 |   339 ||   937
       Headbutt          |    11 |    21 |    72 |    71 ||   175
       Hand axe          |       |       |       |     9 ||     9
Invok: Stomp             |       |       |     9 |    12 ||    21
       Line Pass         |       |       |       |     2 ||     2
  Use: Potion            |       |     5 |       |     1 ||     6
       Scroll            |       |     3 |     1 |     6 ||    10
 Stab: Paralysed         |       |       |     3 |    21 ||    24
  Eat: Chunk             |     1 |     8 |    16 |    12 ||    37
       Fruit             |       |       |     1 |       ||     1
Armor: Scale mail        |    31 |    62 |    73 |       ||   166
       Plate armour      |       |       |   103 |   155 ||   258
Dodge: Dodged            |    21 |    63 |   128 |    97 ||   309
Block: Shield            |    49 |    97 |   214 |   180 ||   540
